 Dungeon Crawl Stone Soup version 0.14.2 (console) character file.

329 FIQ the Soul Tainter (level 5, -1/41 HPs)
             Began as a Demonspawn Death Knight on Feb 1, 2016.
             Was a Priest of Yredelemnul.
             Killed from afar by an orc wizard (12 damage)
             ... with a puff of flame
             ... on Level 4 of the Dungeon.
             The game lasted 00:16:47 (3517 turns).

FIQ the Soul Tainter (Demonspawn Death Knight)      Turns: 3517, Time: 00:16:47

HP  -1/41        AC  8     Str 13      XL: 5   Next: 46%
MP   9/9         EV 11     Int 13      God: Yredelemnul [***...]
Gold 133         SH  0     Dex 13      Spells:  0 memorised,  4 levels left

rFire  . . .     SeeInvis .     a - +1 mace
rCold  . . .     Clarity  .     b - +1 leather armour
rNeg   + . .     Conserve .     (no shield)
rPois  .         rCorr    .     (no helmet)
rElec  .         rRot     .     (no cloak)
SustAb . .       Spirit   .     d - +0 pair of gloves
rMut   .         Warding  .     l - +0 pair of boots {run}
Gourm  +         Stasis   .     n - amulet of the gourmand
MR     .....                    (no ring)
                                j - ring of positive energy {unknown}

@: drained, quick, not resistant to hostile enchantments, very unstealthy
A: slimy green scales 1, powered by death 1, saprovore 1
a: Animate Dead, Recall Undead Slaves, Injury Mirror, Renounce Religion


You were on level 4 of the Dungeon.
You worshipped Yredelemnul.
Yredelemnul was most pleased with you.
You were very hungry.

You visited 1 branch of the dungeon, and saw 4 of its levels.

You collected 133 gold pieces.

Inventory:

Hand weapons
 a - a +1,+1 mace (weapon)
Armour
 b - a +1 leather armour (worn)
 d - a +0 pair of gloves (worn)
 g - a +0 pair of boots
 l - a +0 pair of boots of running (worn)
Comestibles
 c - 3 bread rations
 f - 2 apples
 k - 2 meat rations
Scrolls
 h - a scroll of enchant armour
 m - 2 scrolls of teleportation
Jewellery
 i - an uncursed amulet of resist corrosion
 j - a ring of positive energy (left hand) {unknown}
 n - an amulet of the gourmand (around neck)
Potions
 o - 2 potions of curing


   Skills:
 + Level 3.3(2.7) Fighting
 + Level 2.6(2.0) Maces & Flails
 + Level 1.9(1.3) Armour
 + Level 2.4(1.8) Dodging
 + Level 4.7(4.0) Invocations


You had 4 spell levels left.
You didn't know any spells.

Dungeon Overview and Level Annotations

Branches:
Dungeon (4/15)
 Temple: D:4-7

Altars:


Innate Abilities, Weirdness & Mutations

You are partially covered in slimy green scales (AC +2).
You can steal the life force of nearby defeated enemies.
You can tolerate rotten meat.


Message History

No target in view!
You hit something. Something hits you but does no damage.
You miss something. Something hits you but does no damage.
You closely miss something. Something hits you but does no damage.
Something hits you but does no damage.
You miss something. Something hits you but does no damage.
You hit something.
You hear some strange, mumbled words.
The magic dart hits you!
You miss something. Something hits you but does no damage. Something hits you.
* * * LOW HITPOINT WARNING * * *
You barely miss something. Something hits you.
* * * LOW HITPOINT WARNING * * *
You hit something. Something hits you but does no damage.
You miss something. Something hits you but does no damage.
Something hits you but does no damage.
You barely miss something.
You hear some strange, mumbled words.
The puff of flame hits you!
You die...
Your body rises from the dead as a mindless zombie.

### #......
#......?
#).......
#.........
#.........
#.........
#..<.......
#.)).......
#.@........
######..###
##


There were no monsters in sight!

Vanquished Creatures
  Ijyb (D:3)
  Terence (D:2)
  9 adders
  2 worms (D:3)
  6 orcs
  3 ball pythons
  5 bats
  A bat zombie (D:4)
  6 goblins
  10 hobgoblins
  6 kobolds
  2 quokkas
  6 giant cockroaches
  2 giant geckos (D:3)
  2 giant newts
  A hobgoblin skeleton (D:3)
  5 rats
  A rat zombie (D:3)
69 creatures vanquished.

Notes
Turn   | Place    | Note
--------------------------------------------------------------
     0 | D:1      | FIQ, the Demonspawn Death Knight, began the quest for the Orb.
     0 | D:1      | Reached XP level 1. HP: 16/16 MP: 2/2
    31 | D:1      | Reached skill level 1 in Dodging
   450 | D:1      | Reached skill level 1 in Armour
   456 | D:1      | Gained mutation: You can steal the life force of nearby defeated enemies. [demonic ancestry]
   456 | D:1      | Reached XP level 2. HP: 13/22 MP: 4/4
  1159 | D:2      | Reached skill level 4 in Invocations
  1258 | D:2      | Gained mutation: You can tolerate rotten meat. [demonic ancestry]
  1258 | D:2      | Reached XP level 3. HP: 4/28 MP: 5/5
  1458 | D:2      | Acquired Yredelemnul's second power
  1509 | D:2      | Reached XP level 4. HP: 26/34 MP: 7/7
  1569 | D:2      | Noticed Terence
  1606 | D:2      | HP: 1/34 [Terence/flail (4)]
  1608 | D:2      | Killed Terence
  2526 | D:3      | Paralysed by a potion of paralysis for 4 turns
  2626 | D:3      | Gained mutation: You are partially covered in slimy green scales (AC +2). [demonic ancestry]
  2626 | D:3      | Reached XP level 5. HP: 30/41 MP: 9/9
  2749 | D:3      | Paralysed by a potion of paralysis for 4 turns
  2937 | D:3      | Identified a +0 pair of boots of running (You found it on level 3 of the Dungeon)
  2972 | D:3      | Noticed Ijyb
  2988 | D:3      | Killed Ijyb
  3389 | D:4      | Acquired Yredelemnul's third power
  3517 | D:4      | Killed from afar by an orc wizard

Action                   |  1- 3 |  4- 6 || total
-------------------------+-------+-------++-------
Melee: Mace              |   100 |   224 ||   324
  Use: Scroll            |     4 |     3 ||     7
       Potion            |     3 |     6 ||     9
